 Dungeon Crawl Stone Soup version 0.29.0-4-gdea44cf6ec (webtiles) character file.

Game seed: 16463911486343917482

25 qw the Sneak (level 3, 0/23 HPs)
             Began as a Gargoyle Delver on Sept 10, 2022.
             Slain by a necrophage (3 damage)
             ... on level 5 of the Dungeon.
             The game lasted 00:00:03 (49 turns).

qw the Sneak (Gargoyle Delver)                        Turns: 49, Time: 00:00:04

Health: 0/23       AC:  6    Str: 17    XL:     3   Next: 6%
Magic:  3/3        EV: 11    Int: 10    God:
Gold:   0          SH:  0    Dex: 11    Spells: 2/2 levels left

rFire   . . .      SeeInvis .   a - +0 hand axe
rCold   . . .      Faith    .   (no shield)
rNeg    + . .      Spirit   .   b - +0 leather armour
rPois   inf        Reflect  .   (no helmet)
rElec   +          Harm     .   (no cloak)
rCorr   .          Rampage  .   (no gloves)
Will    .....                   (no boots)
Stlth   +++.......              (no amulet)
HPRegen 0.07/turn               (no ring)
MPRegen 0.08/turn               (no ring)

@: no status effects
A: sickness immunity, AC +3, negative energy resistance 1, electricity
resistance, torment resistance 1, petrification resistance
a: no special abilities


You were on level 5 of the Dungeon.
You visited 1 branch of the dungeon, and saw 1 of its levels.


Innate Abilities, Weirdness & Mutations

You are immune to sickness and miasma.
Your stone body is resilient. (AC +3)
You are immune to poison.
You resist negative energy. (rN+)
You are resistant to electric shocks. (rElec)
You are resistant to unholy torment.
You are immune to petrification.


   Skills:
 - Level 3.2 Fighting
 + Level 3.1 Axes
 - Level 1.5 Dodging
 - Level 5.4 Stealth


You had 2 spell levels left.
You didn't know any spells.
Your spell library was empty.

Inventory:

Hand Weapons
 a - a +0 hand axe (weapon)
Armour
 b - a +0 leather armour (worn)
Wands
 g - a wand of digging (3)
Scrolls
 c - a scroll of fog
 d - a scroll of magic mapping
 e - a scroll of fear
 h - a scroll of butterflies {unknown}
Potions
 f - a potion of haste

Dungeon Overview and Level Annotations

Branches:
Dungeon (5/15)
 Temple: D:4-7

Altars:


Message History

You hit the iguana.
The iguana is heavily wounded.
The iguana completely misses you.
You closely miss the iguana.
The iguana is heavily wounded.
The iguana bites you!
Ouch! That really hurt!
You hit the iguana.
The iguana is almost dead.
The iguana bites you.
You hit the iguana.
You kill the iguana!
Your Axes skill gained 2 levels and is now at level 3!
You have reached level 2!
You have reached level 3!
Your experience leads to an increase in your attributes!
Increase (S)trength, (I)ntelligence, or (D)exterity?
You feel stronger. x2
You barely miss the necrophage. The necrophage closely misses you.
You barely miss the necrophage. The necrophage closely misses you.
You hit the necrophage.
The necrophage is lightly damaged.
The necrophage hits you but does no damage.
You hit the necrophage.
The necrophage is moderately damaged.
The necrophage hits you but does no damage.
You barely miss the necrophage.
The necrophage is moderately damaged.
The necrophage hits you.
You hit the necrophage. Your punch misses the necrophage.
The necrophage is moderately damaged.
The necrophage closely misses you.
You barely miss the necrophage.
The necrophage is moderately damaged.
The necrophage hits you but does no damage.
You hit the necrophage.
The necrophage is heavily damaged.
The necrophage closely misses you. The necrophage hits you.
You die...

#...........#
#...........#
#...........#
#...........##
#............##
#.............###
#......n........
#......@......#
#............##
#...........##
#...........#
#...........#
#...........####...
#..................
#...........#......
#...........+.....#


You could see a necrophage.

Vanquished Creatures
  An iguana (D:5)
1 creature vanquished.

Notes
Turn   | Place    | Note
-------+----------+-------------------------------------------
     0 | D:5      | qw the Gargoyle Delver began the quest for the Orb.
     0 | D:5      | Reached XP level 1. HP: 14/14 MP: 1/1
     0 | D:5      | 0 ||| qw: Version: 0.1-a-116-g5d60599
     0 | D:5      | 0 ||| qw: Game counter: 8977
     0 | D:5      | 0 ||| qw: Always use a shield: true
     0 | D:5      | 0 ||| qw: God list: Okawaru
     0 | D:5      | 0 ||| qw: Allow faded altars: false
     0 | D:5      | 0 ||| qw: Do Orc after D:15 true
     0 | D:5      | 0 ||| qw: Do second Lair branch before Depths: true
     0 | D:5      | 0 ||| qw: Lair rune preference: random
     0 | D:5      | 0 ||| qw: Plans: Normal
     0 | D:5      | 0 ||| PLANNING D:1-11
    15 | D:5      | Noticed an iguana
    30 | D:5      | Noticed a necrophage
    34 | D:5      | HP: 3/14 [iguana (11)]
    36 | D:5      | Killed an iguana
    37 | D:5      | Reached skill level 3 in Axes
    37 | D:5      | Reached XP level 2. HP: 3/19 MP: 2/2
    37 | D:5      | Reached XP level 3. HP: 4/23 MP: 3/3
    46 | D:5      | HP: 2/23 [necrophage (2)]
    49 | D:5      | Slain by a necrophage

Levels and vault maps discovered:
D:5:      cheibrodos_barr_body, layout_gridville, okawaru_altar_gauntlet_db,
          nicolae_ru_the_path_less_chosen, minmay_misc_feat_cross

Skill      XL: |  1 |
---------------+----+-----
Axes           | 3 |  3.1
Fighting       | |  3.2
Dodging        | |  1.5
Stealth        | |  5.4

Action                   || total
-------------------------++-------
Melee: Hand axe          ||    13
 Stab: Sleeping          ||     1
Armor: Leather armour    ||     4
Dodge: Dodged            ||     5

Table legend:
 A = Non-vault XP
 B = Vault XP
 C = Vault XP percentage of total XP
 D = Non-vault monster count
 E = Vault monster count
 F = Vault count percentage of total count
                 A         B        C        D         E       F
            +---------+---------+-------+---------+---------+-------
      Total |      37 |       0 |   0.0 |       1 |       0 |   0.0
            +---------+---------+-------+---------+---------+-------
        D:5 |      37 |       0 |   0.0 |       1 |       0 |   0.0
            +---------+---------+-------+---------+---------+-------
